Map: Frozen Temple

Players

Fropez

  • Race: Protoss Protoss
  • League: Silver
  • Spawn Location: 11:00

GDeathScythe - Winner!

  • Race: Zerg Zerg
  • League: Gold
  • Spawn Location: 5:00

VOD

Have the link to the VOD?

Description

Time

  • Played on: June 7, 2016, 2:31 p.m.
  • Length: 14:00
Show
View Real Time Build Order
Export as new Build Order

Fropez Protoss 

Build Orders:  

Get SALT Encoding   

  12  0:02  Probe (Chrono Boost)  
  13  0:16  Pylon  
  13  0:18  Probe (Chrono Boost)  
  14  0:33  Probe (Chrono Boost)  
  15  0:40  Gateway  
  15  0:44  Probe (Chrono Boost)  
  15  0:47  Assimilator  
  16  0:54  Probe (Chrono Boost)  
  17  0:59  Pylon  
  17  1:05  Probe (Chrono Boost)  
  18  1:16  Gateway  
  18  1:19  Probe (Chrono Boost)  
  18  1:31  Cybernetics Core  
  18  1:39  Probe (Chrono Boost)  
  19  1:50  Probe (Chrono Boost)  
  20  2:04  Pylon  
  20  2:07  Pylon  
  20  2:10  Probe (Chrono Boost)  
  21  2:16  Stalker x2  
  21  2:19  Warp Gate (Chrono Boost)  
  21  2:21  Probe (Chrono Boost)  
  26  2:25  Assimilator  
  26  2:31  Probe (Chrono Boost)  
  27  2:42  Probe (Chrono Boost)  
  28  2:46  Stalker  
  28  2:48  Stalker  
  32  2:53  Probe (Chrono Boost)  
  33  2:59  Gateway  
  33  3:02  Gateway  
  33  3:04  Probe (Chrono Boost)  
  34  3:22  Probe (Chrono Boost)  
  34  3:25  Pylon  
  36  3:35  Mothership Core  
  37  3:52  Nexus  
  37  3:56  Probe  
  38  4:08  Probe  
  31  4:20  Probe  
  32  4:25  Forge  
  32  4:29  Gateway, Zealot x2  
  36  4:31  Zealot  
  36  4:32  Probe  
  39  4:44  Probe  
  40  4:54  Zealot x3  
  46  5:02  Photon Cannon  
  42  5:17  Probe  
  42  5:18  Assimilator  
  43  5:22  Pylon  
  43  5:24  Stalker  
  43  5:25  Stalker  
  47  5:31  Probe  
  47  5:32  Probe  
  49  5:58  Adept x2  
  49  5:59  Adept  
  51  6:08  Gateway  
  51  6:11  Pylon, Probe x2  
  51  6:13  Protoss Ground Weapons Level 1 (Chrono Boost)  
  53  6:19  Twilight Council  
  53  6:21  Probe  
  53  6:23  Probe  
  55  6:26  Adept  
  55  6:27  Adept  
  59  6:45  Probe  
  59  6:47  Probe  
  59  6:50  Adept x4  
  59  6:53  Pylon  
  63  7:25  Dark Shrine  
  63  7:29  Assimilator  
  63  7:33  Pylon  
  63  7:38  Probe  
  63  7:40  Robotics Facility  
  63  7:41  Adept x4  
  63  7:42  Robotics Facility  
  72  7:45  Probe  
  73  7:52  Pylon, Charge  
  73  7:58  Stalker  
  75  7:59  Probe  
  75  8:00  Probe  
  61  8:53  Dark Templar x3  
  63  9:09  Gateway  
  63  9:24  Photon Cannon  
  63  9:25  Immortal x2, Protoss Ground Weapons Level 2 (Chrono Boost)  
  71  9:33  Gateway  
  71  9:36  Gateway  
  67  10:17  Stalker x5  
  75  10:25  Immortal x2  
  83  10:35  Probe  
  83  10:36  Probe  
  85  10:48  Dark Templar x2  
  85  10:49  Dark Templar x4  
  97  10:53  Pylon  
  97  10:57  Pylon  
  97  11:01  Blink  
  97  11:04  Observer  
  94  11:17  Stalker x2  
  68  12:06  Warp Prism  
  68  12:07  Immortal  
  74  12:17  Nexus  
  68  12:30  Stalker  
  68  12:31  Stalker x4  
  68  12:32  Stalker  
  69  12:43  Dark Templar  
  62  12:51  Dark Templar  
  58  12:57  Probe  
  59  13:02  Probe  
  60  13:14  Probe  
  60  13:15  Probe  
  62  13:36  Nexus  
  60  13:43  Dark Templar  
  50  13:51  Stalker  
  50  13:52  Stalker x3  
Show
View Real Time Build Order
Export as new Build Order

GDeathScythe Zerg - Winner!

Build Orders: Hatch First 

Get SALT Encoding   

  12  0:03  Drone  
  13  0:10  Drone  
  14  0:17  Overlord  
  14  0:21  Extractor  
  14  0:24  Drone  
  15  0:37  Drone x2  
  17  0:47  Drone  
  18  0:58  Hatchery  
  18  1:00  Drone  
  18  1:02  Extractor  
  17  1:10  Drone  
  18  1:20  Spawning Pool  
  17  1:34  Drone x2  
  19  1:40  Drone  
  20  1:50  Overlord  
  20  2:10  Queen x2  
  20  2:11  Metabolic Boost  
  20  2:12  Zergling x2  
  20  2:14  Zergling x2  
  26  2:20  Drone  
  27  2:27  Drone x2  
  29  2:41  Drone x2  
  29  2:44  Overlord x2  
  31  3:05  Overlord  
  31  3:12  Lair  
  31  3:13  Drone, Hatchery  
  31  3:24  Zergling x8  
  34  3:39  Zergling x12  
  39  3:48  Zergling x4  
  39  4:20  Drone x4  
  39  4:23  Overlord x4  
  43  4:31  Drone  
  43  4:32  Drone x5  
  43  4:34  Extractor  
  43  4:36  Extractor, Queen  
  49  4:47  Drone x4  
  53  4:56  Pneumatized Carapace  
  53  4:57  Hydralisk Den  
  53  5:14  Drone x11  
  62  5:24  Drone x2  
  62  5:26  Drone  
  65  5:31  Muscular Augments  
  62  6:02  Evolution Chamber  
  61  6:05  Evolution Chamber  
  61  6:08  Drone x2  
  61  6:09  Drone  
  61  6:10  Drone x3  
  66  6:11  Drone  
  66  6:13  Drone  
  66  6:14  Drone x8  
  66  6:18  Extractor  
  75  6:19  Extractor  
  75  6:20  Hydralisk x2  
  78  6:29  Extractor, Drone x2  
  79  6:53  Hydralisk  
  79  6:56  Overlord x3  
  79  6:57  Overlord  
  70  7:18  Hydralisk x7  
  70  7:19  Hydralisk x7  
  97  7:30  Drone  
  97  7:31  Drone x4  
  102  7:38  Drone x2  
  102  7:39  Drone x5  
  102  7:41  Zerg Missile Weapons Level 1  
  109  7:46  Zergling x2  
  109  7:47  Zergling x2  
  111  7:54  Zergling x4, Infestation Pit  
  112  8:08  Zergling x2  
  112  8:09  Zergling x2  
  112  8:11  Overlord x5  
  98  9:03  Drone x9  
  98  9:04  Drone x11  
  98  9:09  Queen  
  120  9:16  Spine Crawler x2  
  118  9:17  Spine Crawler  
  118  9:23  Zergling x2  
  118  9:24  Zergling x4  
  120  9:29  Hatchery  
  119  9:35  Zerg Ground Armor Level 1  
  113  9:46  Overseer  
  113  9:47  Overseer  
  104  10:25  Drone x4  
  104  10:26  Drone x5  
  113  10:34  Zerg Missile Weapons Level 2  
  113  10:49  Spawning Pool  
  112  10:57  Hydralisk x7  
  112  10:58  Hydralisk x4  
  122  11:21  Hydralisk  
  122  11:22  Hydralisk x7  
  134  11:32  Extractor x2  
  122  11:52  Hatchery  
  109  12:03  Zergling x12  
  106  12:47  Zergling x10  
  106  12:48  Zergling x2  
  106  13:03  Hydralisk x2  
  104  13:08  Overseer x3  
  104  13:10  Zergling x8  
  108  13:13  Queen  
  108  13:14  Queen  
  112  13:21  Hydralisk x4  
  112  13:22  Hydralisk x7  
  112  13:24  Overlord  
  112  13:25  Overlord x2  
Tags
 
Matchup
PvZ
Replay Pack
All Mines
Spawn Locations
Cross Positions
Add a new tag
Caveats
  • Supply blocks, unpowered buildings, or Contaminate may cause inaccurate times.
  • Supply counts are checked every 10 seconds.